Unix NetHack Version 5.0.0-0 post-release - last build May 17 2026 04:57:42 (dc50c8380fa5e20985bfe3072449f57b8d9895ef,branch:main).

Game began 2026-05-20 18:34:35, ended 2026-05-20 18:41:15.

ArrBianca, lawful female dwarven Archeologist

                                                        ---
                                                        ..----
                                                        .....|
                                                        |.--.----
                                             ...----    |.||....--
                                           ........|   --.|----..--
                                          ....----.--- |..|    -..--
                                         .....|  |...- -.--     -.G|
                                         .*..--  ---.....|       -.|
                                         .....-    |....--       |d-
                                           ....    ---.--        d@u
                                            ...                  ddd
                                           -..-
                                           |^.|                G
                                           |..-
                                           -...
                                           .......
                                           |....<.
                                           --.|.|.
                                            ---
ArrBianca the Field Worker  St:15 Dx:10 Co:11 In:15 Wi:15 Ch:9  Lawful
Dlvl:4  $:803 HP:0(38) Pw:15(15) AC:9  Xp:4 T:1465 

Latest messages:
 You see here a yellow gem.
 B - a yellow gem.
 What do you want to use or apply? [ae-hnot or ?*] g
 What do you want to rub on the stone? [$B or ?*] B
 B - a worthless piece of yellow glass.
 What do you want to drop? [$a-uw-zB or ?*] B
 You drop a worthless piece of yellow glass.
 The air crackles around the gnomish wizard.
 You swap places with the peaceful gnome.
 You stop.  The gnome is in the way!
 The werejackal hits!
 You miss the werejackal.
 The werejackal hits!
 You lash the werejackal.
 The werejackal hits!
 You lash the werejackal.
 The werejackal hits!
 You lash the werejackal.
 The werejackal hits!
 You lash the werejackal.
 The werejackal changes into a jackal.
 The werejackal bites!
 You lash the werejackal.
 The werejackal bites!
 You feel feverish.
 Are you sure you want to pray? [yn] (n) y
 You begin praying to Quetzalcoatl.
 You are surrounded by a shimmering light.
 The werejackal starts to attack you, but pulls back.
 The werejackal starts to attack you, but pulls back.
 The werejackal starts to attack you, but pulls back.
 You finish your prayer.
 You feel that Quetzalcoatl is well-pleased.
 You feel purified.
 You miss the werejackal.
 The werejackal bites!
 You miss the werejackal.
 The werejackal bites!
 You lash the werejackal.
 The werejackal bites!
 You miss the werejackal.
 The werejackal summons help!
 A jackal suddenly appears next to you!
 A jackal suddenly appears next to you!
 A jackal suddenly appears next to you!
 A jackal suddenly appears next to you!
 The werejackal bites!
 You die...
 Do you want your possessions identified? [ynq] (y) y
 Do you want to see your attributes? [ynq] (y) q

Inventory:
 Coins    ('$')
  $ - 803 gold pieces
 Weapons  (')')
  a - a +2 bullwhip (weapon in right hand)
 Armor    ('[')
  c - an uncursed +0 fedora (being worn)
  j - an uncursed +0 orcish helm
  b - an uncursed +0 leather jacket (being worn)
 Comestibles  ('%')
  d - 3 uncursed food rations
  w - an uncursed pancake
  z - an uncursed homemade tin of orc meat
  x - an uncursed tin of broiled fox meat
 Scrolls  ('?')
  l - an uncursed scroll of enchant armor
  s - an uncursed scroll of enchant weapon
  p - an uncursed scroll of gold detection
  i - an uncursed scroll of identify
  k - an uncursed scroll of magic mapping
 Spellbooks  ('+')
  t - an uncursed spellbook of detect monsters
 Potions  ('!')
  q - an uncursed potion of extra healing
  y - an uncursed potion of sickness
  r - a blessed potion of speed
  u - an uncursed potion of water
 Rings    ('=')
  m - an uncursed ring of levitation
 Wands    ('/')
  n - a blessed wand of speed monster (0:5)
 Tools    ('(')
  h - an uncursed sack containing 1 item
  o - an uncursed lock pick
  e - a +0 pick-axe (alternate weapon; not wielded)
  f - a tinning kit (0:66)
 Gems/Stones  ('*')
  g - an uncursed touchstone

Contents of the sack:
  2 uncursed aquamarine stones

ArrBianca the Archeologist's attributes:

Background:
 You were a Field Worker, a level 4 female dwarven Archeologist.
 You were lawful, on a mission for Quetzalcoatl
 who was opposed by Camaxtli (neutral) and Huhetotl (chaotic).
 You were right-handed.
 You were in the Gnomish Mines, on level 4.
 You entered the dungeon 1465 turns ago.
 You had 85 experience points, 75 more were needed to attain level 5.

Basics:
 You had 0 out of 38 hit points.
 You had all 15 energy points (spell power).
 Your armor class was 9.
 Your wallet contained 803 zorkmids.
 Autopickup was on for '$?!/="+%' plus thrown, with exceptions.

Final Characteristics:
 Your strength was 15 (limit:18/100).
 Your dexterity was 10 (limit:20).
 Your constitution was 11 (limit:20).
 Your intelligence was 15 (limit:16).
 Your wisdom was 15 (limit:16).
 Your charisma was 9 (limit:16).

Final Status:
 You weren't hungry.
 You were unencumbered.
 You were wielding a whip.
 You had basic skill with whip.

Final Attributes:
 You were devoutly aligned.
 You had automatic searching.
 You had infravision.
 You were lucky.
 You are dead.

Miscellaneous:
 You didn't encounter any bones levels.
 Total elapsed playing time was 6 minutes and 40 seconds.

Major events:
 Turn
    1: ArrBianca the lawful female dwarven Archeologist entered the dungeon
  822: attained the rank of Field Worker (level 3)
 1378: entered the Gnomish Mines
 1465: killed by a werejackal

Spells:
 Name                 Level Category     Fail Retention
 detect monsters        1   divination     3%  76%-100%

Skills:
 Fighting Skills
   bare handed combat [Unskilled]
   two weapon combat  [Unskilled]
   riding             [Unskilled]
 Weapon Skills
   dagger             [Unskilled]
   knife              [Unskilled]
   pick-axe           [Basic]
   short sword        [Unskilled]
   saber              [Unskilled]
   club               [Unskilled]
   quarterstaff       [Unskilled]
   sling              [Unskilled]
   dart               [Unskilled]
   boomerang          [Unskilled]
   whip               [Basic]
   unicorn horn       [Unskilled]
 Spellcasting Skills
   attack spells      [Unskilled]
   healing spells     [Unskilled]
   divination spells  [Unskilled]
   matter spells      [Unskilled]

Voluntary challenges:
 Character rerolling was not enabled.
 You never had a pet.
 You never genocided any monsters.
 You never polymorphed an object.
 You never changed form.
 You used no wishes.
Achievements:
 You attained the rank of Field Worker.
 You entered the Gnomish Mines.

 The Dungeons of Doom: levels 1 to 3
    Level 1:
    Level 2:
       A fountain.
    Level 3:
       A fountain.
       Stairs down to The Gnomish Mines.
 The Gnomish Mines:
    Level 4: <- You were here.
       Final resting place for
          you, killed by a werejackal.


Vanquished creatures:
  a homunculus
 an orc zombie
 an iguana
  2 large kobolds
  a giant rat
  a brown mold
  a gecko
  a goblin
  a sewer rat
  2 grid bugs
  3 bats
  3 lichens
  5 newts
23 creatures vanquished.

No species were genocided or became extinct.

Game over:
                       ----------
                      /          \
                     /    REST    \
                    /      IN      \
                   /     PEACE      \
                  /                  \
                  |    ArrBianca     |
                  |      803 Au      |
                  |   killed by a    |
                  |    werejackal    |
                  |                  |
                  |                  |
                  |       2026       |
                 *|     *  *  *      | *
        _________)/\\_//(\/(/\)/\//\/|_)_______

Goodbye ArrBianca the Archeologist...

You died in The Gnomish Mines on dungeon level 4 with 1213 points,
and 803 pieces of gold, after 1465 moves.
You were level 4 with a maximum of 38 hit points when you died.

